Map: Central Protocol

Players

SoCo - Winner!

  • Race: Zerg Zerg
  • League: Silver

Grumm

  • Race: Protoss Protoss
  • League: Gold

VOD

Have the link to the VOD?

Description

Time

  • Played on: Jan. 11, 2016, 2:27 p.m.
  • Length: 13:08
Show
View Real Time Build Order
Export as new Build Order

SoCo Zerg - Winner!

Build Orders: Hatch First 

Get SALT Encoding   

  12  0:02  Drone  
  13  0:33  Hatchery  
  13  0:34  Drone  
  13  0:54  Spawning Pool  
  13  0:56  Drone  
  13  1:05  Overlord  
  13  1:09  Drone  
  14  1:14  Extractor  
  14  1:16  Drone  
  14  1:31  Drone  
  15  1:42  Queen  
  15  1:45  Queen  
  19  1:51  Drone  
  20  1:54  Drone  
  22  2:01  Drone  
  22  2:07  Drone  
  23  2:21  Queen  
  25  2:31  Metabolic Boost  
  25  2:33  Zergling x2  
  25  2:34  Zergling x2  
  27  2:42  Overlord  
  27  2:48  Drone  
  28  3:08  Drone x5  
  28  3:09  Drone  
  34  3:15  Baneling Nest  
  34  3:19  Extractor  
  32  3:42  Zergling x8  
  32  3:44  Overlord x3  
  36  3:56  Overlord  
  36  4:04  Lair  
  36  4:07  Drone x3  
  36  4:08  Drone  
  40  4:26  Zergling x2  
  40  4:27  Zergling x4  
  40  4:43  Zergling x18  
  40  4:44  Zergling x2  
  50  4:59  Overlord x2  
  50  5:06  Overlord x2  
  50  5:12  Drone  
  49  5:18  Zergling x2  
  49  5:28  Spire  
  48  5:30  Zergling x2  
  48  5:31  Zergling x10  
  54  5:40  Zergling x4  
  56  5:47  Zergling x2  
  52  5:55  Zergling x2  
  45  6:06  Zergling x2  
  45  6:07  Zergling x6  
  49  6:25  Drone x3  
  49  6:26  Drone  
  49  6:30  Extractor  
  49  6:32  Extractor  
  50  6:33  Drone x2  
  50  6:34  Drone x4  
  56  6:41  Zerg Flyer Weapons Level 1  
  56  6:49  Drone x2  
  56  7:02  Hatchery  
  49  7:12  Drone x5  
  49  7:13  Drone x2  
  56  7:45  Mutalisk  
  56  7:46  Mutalisk x7  
  56  7:48  Mutalisk  
  74  7:52  Mutalisk  
  76  8:15  Infestation Pit  
  75  8:26  Drone x7  
  75  8:27  Overlord x5  
  73  8:58  Zerg Flyer Weapons Level 2  
  73  9:01  Drone x5  
  78  9:06  Mutalisk x4  
  86  9:36  Zergling x26, Extractor  
  86  9:37  Zergling x8  
  102  9:39  Extractor  
  101  9:56  Drone x2  
  101  9:57  Drone x4  
  107  10:07  Evolution Chamber  
  107  10:10  Evolution Chamber  
  105  10:15  Hydralisk Den  
  103  10:33  Zergling x26  
  111  10:58  Zergling x2  
  111  10:59  Zergling x22  
  121  11:04  Zergling x2  
  121  11:05  Zergling x6  
  121  11:08  Baneling  
  121  11:09  Baneling x6  
  121  11:10  Baneling x2  
  119  11:23  Muscular Augments  
  119  11:27  Drone  
  119  11:28  Drone x7  
  91  12:02  Hydralisk x7  
  91  12:03  Hydralisk x7  
  91  12:05  Hatchery  
  88  12:23  Spore Crawler  
  87  12:51  Spore Crawler  
Show
View Real Time Build Order
Export as new Build Order

Grumm Protoss 

Build Orders: 1 Gate Expand 

Get SALT Encoding   

  12  0:01  Probe (Chrono Boost)  
  13  0:12  Probe (Chrono Boost)  
  14  0:22  Probe (Chrono Boost)  
  14  0:24  Pylon  
  15  0:35  Assimilator  
  15  0:42  Probe (Chrono Boost)  
  16  0:45  Gateway  
  16  0:53  Probe (Chrono Boost)  
  17  1:03  Probe (Chrono Boost)  
  18  1:14  Probe (Chrono Boost)  
  19  1:29  Nexus  
  19  1:39  Pylon  
  19  1:53  Probe (Chrono Boost)  
  20  2:05  Cybernetics Core, Gateway  
  21  2:08  Probe (Chrono Boost)  
  21  2:19  Gateway  
  21  2:22  Probe (Chrono Boost)  
  22  2:35  Pylon  
  22  2:41  Probe (Chrono Boost)  
  22  2:42  Probe (Chrono Boost)  
  24  2:45  Assimilator  
  24  2:48  Adept  
  26  2:57  Forge  
  26  3:00  Pylon  
  26  3:03  Probe (Chrono Boost)  
  26  3:16  Stalker  
  28  3:21  Warp Gate (Chrono Boost)  
  28  3:24  Adept  
  30  3:38  Probe  
  30  3:40  Probe  
  32  3:44  Assimilator  
  32  3:46  Assimilator  
  32  3:54  Probe  
  32  3:55  Zealot x2  
  36  3:57  Probe  
  36  4:01  Sentry  
  40  4:06  Probe  
  42  4:11  Mothership Core  
  43  4:17  Probe  
  44  4:27  Probe  
  45  4:32  Probe  
  45  4:38  Probe  
  46  4:44  Probe  
  48  4:48  Probe  
  49  4:56  Probe  
  42  5:23  Probe  
  42  5:27  Photon Cannon  
  43  5:29  Photon Cannon  
  43  5:33  Protoss Ground Weapons Level 1  
  43  5:34  Probe, Zealot, Photon Cannon  
  43  5:35  Zealot  
  47  5:36  Probe  
  49  5:45  Probe  
  45  6:09  Nexus  
  45  6:26  Stalker  
  45  6:32  Nexus  
  47  6:45  Pylon  
  47  6:52  Stargate  
  47  7:08  Stargate  
  47  7:17  Stargate  
  47  7:19  Stargate  
  47  7:20  Pylon  
  47  7:26  Probe x2  
  49  7:37  Probe  
  49  7:38  Probe  
  49  7:40  Oracle (Chrono Boost)  
  54  7:46  Protoss Air Weapons Level 1 (Chrono Boost)  
  54  7:47  Probe  
  54  7:50  Probe, Zealot  
  58  7:55  Probe  
  58  7:58  Pylon, Probe  
  59  8:02  Probe  
  61  8:14  Probe  
  61  8:15  Probe  
  61  8:17  Void Ray  
  67  8:21  Probe  
  67  8:24  Probe  
  69  8:38  Pylon  
  66  8:55  Photon Cannon  
  66  8:57  Photon Cannon  
  66  8:59  Photon Cannon  
  66  9:00  Pylon  
  66  9:02  Photon Cannon  
  66  9:04  Pylon  
  66  9:05  Stalker  
  66  9:06  Pylon  
  68  9:21  Probe  
  68  9:22  Probe  
  68  9:23  Probe  
  67  9:29  Stalker x3  
  73  9:32  Probe x2  
  73  9:35  Probe  
  76  9:40  Assimilator  
  76  9:42  Probe  
  76  9:43  Probe  
  76  9:44  Assimilator  
  78  9:47  Phoenix, Probe  
  81  10:01  Photon Cannon  
  81  10:03  Photon Cannon  
  78  10:23  Phoenix x3  
  78  10:26  Zealot x2  
  78  10:27  Stalker  
  83  10:36  Photon Cannon  
  83  10:37  Photon Cannon  
  83  10:38  Pylon  
  77  11:02  Probe  
  74  11:06  Phoenix  
  74  11:07  Phoenix x2  
  74  11:09  Zealot x2  
  74  11:10  Sentry  
  79  11:15  Probe  
  76  11:44  Photon Cannon  
  70  11:47  Photon Cannon  
  52  12:00  Zealot  
  52  12:01  Zealot x2  
  46  12:20  Nexus  
  46  12:27  Pylon  
  46  12:29  Probe  
  45  12:51  Stalker  
  45  12:52  Stalker  
Tags
 
Add a new tag
Caveats
  • Supply blocks, unpowered buildings, or Contaminate may cause inaccurate times.
  • Supply counts are checked every 10 seconds.